 Dungeon Crawl Stone Soup version 0.23-a0-629-gae4348f6cf (webtiles) character file.

43612 K1ngMX the Cleaver (level 13, -1/187 HPs)
             Began as a Minotaur Berserker on Dec 26, 2018.
             Was a High Priest of Trog.
             Slain by a shock serpent (13 damage)
             ... on level 1 of the Snake Pit on Dec 30, 2018.
             The game lasted 01:18:11 (19692 turns).

K1ngMX the Cleaver (Minotaur Berserker)            Turns: 19692, Time: 01:18:12

Health: -1/187     AC: 20    Str: 28    XL:     13   Next: 91%
Magic:  0/12       EV: 10    Int:  4    God:    Trog [*****.]
Gold:   835        SH:  5    Dex: 14    Spells: 12/12 levels left

rFire    . . .     SeeInvis .   I - +8 whip "Snakebite" {curare, rPois}
rCold    . . .     Gourm    +   U - +0 buckler
rNeg     . . .     Faith    .   w - +0 plate armour
rPois    +         Spirit   .   H - +2 hat
rElec    .         Reflect  .   (no cloak)
rCorr    .         Harm     .   g - +0 pair of gloves
MR       .....                  S - +0 pair of boots
Stlth    ..........             Y - amulet of the gourmand
HPRegen  0.41/turn              (no ring)
MPRegen  0.13/turn              A - ring of poison resistance

@: berserking, lethally poisoned (-1 -> -1), constricted, drained, very quick
A: retaliatory headbutt, horns 2
a: Berserk, Trog's Hand, Brothers in Arms, Renounce Religion


You were on level 1 of the Snake Pit.
You worshipped Trog.
Trog was extremely pleased with you.
You were very full.

You visited 3 branches of the dungeon, and saw 16 of its levels.

You collected 902 gold pieces.
You spent 67 gold pieces at shops.

Inventory:

Hand Weapons
 q - a +1 hand axe of flaming
 u - a +2 antimagic battleaxe
 I - the +8 whip "Snakebite" (weapon) {curare, rPois}
   (You found it on level 2 of the Lair of Beasts)

   It poisons the flesh of those it strikes.
   It protects you from poison.
 Q - a +4 antimagic battleaxe
 R - a +0 blowgun
 W - the +10 morningstar of Lies {venom, rF+, unknown}
   (You found it on level 1 of the Lair of Beasts)

   It poisons the flesh of those it strikes.
   It protects you from fire.
Missiles
 L - 2 javelins of returning (quivered)
 Z - 10 poisoned needles
Armour
 g - a +0 pair of gloves (worn)
 w - a +0 plate armour (worn)
 H - a +2 hat (worn)
 S - a +0 pair of boots (worn)
 U - a +0 buckler (worn)
Magical Staves
 B - an uncursed staff of poison {unknown}
Jewellery
 t - an uncursed ring of protection from fire {unknown}
 v - an uncursed ring of protection from cold
 A - a ring of poison resistance (right hand)
 T - an uncursed amulet of regeneration {unknown}
 Y - an amulet of the gourmand (around neck)
Wands
 i - a wand of polymorph (10)
 m - a wand of clouds (6)
 x - a wand of paralysis (18)
 G - a wand of random effects (9)
 J - a wand of acid (21)
 N - a wand of disintegration (13)
 V - a wand of enslavement (11)
 X - a wand of iceblast (23)
Scrolls
 d - 2 scrolls of magic mapping
 j - 11 scrolls of remove curse
 k - 3 scrolls of fog
 l - 13 scrolls of teleportation
 n - 2 scrolls of identify
 y - 4 scrolls of enchant weapon
 C - 5 scrolls of immolation
 F - a scroll of random uselessness {unknown}
 K - a scroll of holy word {unknown}
 M - 2 scrolls of fear
 P - a scroll of brand weapon {unknown}
Potions
 a - a potion of haste
 b - a potion of flight
 e - a potion of might
 f - 4 potions of heal wounds
 h - 9 potions of curing
 o - a potion of berserk rage
 p - 2 potions of invisibility {unknown}
 r - a potion of ambrosia
 s - 3 potions of agility {unknown}
 z - a potion of brilliance
 D - a potion of lignification
 E - a potion of magic
Comestibles
 c - 25 rations


   Skills:
 + Level 14.5(14.4) Fighting
 - Level 14.8(15.9) Axes
 - Level 11.2(14.2) Maces & Flails
 + Level 11.5(11.4) Armour
 + Level 10.7(10.6) Dodging
 - Level 5.1(5.0) Shields


You had 12 spell levels left.
You didn't know any spells.
Your spell library contained the following spells:

 Spells                   Type           Power        Failure   Level  Hunger
 Flame Tongue             Conj/Fire      #....        99%         1    ##.....
 Magic Dart               Conj           #...         99%         1    ##.....
 Sting                    Conj/Pois      #...         99%         1    ##.....
 Summon Small Mammal      Summ           #...         99%         1    ##.....
 Call Imp                 Summ           #.......     100%        2    ###....
 Poisonous Vapours        Pois/Air       #.....       100%        2    ###....
 Searing Ray              Conj           #.....       100%        2    ###....
 Call Canine Familiar     Summ           #.......     100%        3    ####...
 Dazzling Spray           Conj/Hex       #.....       100%        3    ####...
 Mephitic Cloud           Conj/Pois/Air  #.......     100%        3    ####...
 Summon Guardian Golem    Hex/Summ       #.......     100%        3    ####...
 Force Lance              Conj/Tloc      #.......     100%        4    #####..
 Fulminant Prism          Conj/Hex       #.........   100%        4    #####..
 Iskenderun's Mystic Bla  Conj           #.......     100%        4    #####..
 Olgreb's Toxic Radiance  Pois           #.......     100%        4    #####..
 Sticky Flame             Conj/Fire      #.......     100%        4    #####..
 Summon Ice Beast         Ice/Summ       #.......     100%        4    #####..
 Summon Lightning Spire   Summ/Air       #.......     100%        4    #####..
 Venom Bolt               Conj/Pois      #.........   100%        5    ######.
 Ring of Flames           Chrm/Fire      #.........   100%        7    #######
 Ignition                 Fire           #.........   100%        8    #######


Dungeon Overview and Level Annotations

Branches:
Dungeon (9/15)             Temple (0/1) D:6            Lair (6/6) D:9
  Swamp (0/4) Lair:2        Snake (1/4) Lair:4        Slime (0/5) Lair:6
    Orc: D:9-12

Altars:
Ashenzari
Cheibriados
Dithmenos
Fedhas
Kikubaaqudgha
Makhleb
Okawaru
Qazlal
Ru
Sif Muna
Trog
Xom
Yredelemnul
Zin
The Shining One

Shops:
D:6 [*[

Portals:
Hell: Lair:6

Annotations:
D:8 1 runed door, iamserjio's ghost, novice OpWn


Innate Abilities, Weirdness & Mutations

You reflexively headbutt those who attack you in melee.
You have a pair of horns on your head.


Message History

The salamander convulses.
The salamander seems to slow down.
Your headbutt misses the salamander.
The salamander is moderately wounded.
The mana viper bites you but does no damage. x2
The naga warrior hits you from afar with a +0 trident.
* * * LOW HITPOINT WARNING * * *
You thrash the salamander!!
The salamander looks as sick as possible!
You headbutt the salamander!
The salamander is severely wounded.
* * * LOW HITPOINT WARNING * * *
The naga hits you with a +0 battleaxe!
* * * LOW HITPOINT WARNING * * *
The anaconda misses you.
* * * LOW HITPOINT WARNING * * *
The anaconda constricts you. The naga closely misses you.
The shock serpent bites you.
* * * LOW HITPOINT WARNING * * *
The shock serpent shocks you!
You die...

#. .# . ### .##
.# .. ........#
... ....... #
..#.#N#.#. .##
.#...SSN.#...#.
....SNSSNN.....
#..≈NS@N#
...≈≈8NNSN..#
.#..≈N≈NN#..#
.....≈.... .#
.#.......#. #
..#.#.#.#... .
........ ..
............#


You could see 3 naga warriors, 2 salamanders, an anaconda, a naga ritualist, 2
shock serpents, 2 mana vipers, 2 black mambas, a naga mage and 6 nagas.

Vanquished Creatures
  Snorg (Lair:6)
  8 hydras
  Erica (D:9)
  A wizard (Lair:6)
  A lindwurm (Lair:5)
  Pikel (D:4)
  16 elephants
  Joseph (D:9)
  6 black mambas
  An orange demon (Lair:6)
  16 spiny frogs
  4 rime drakes
  5 komodo dragons
  A hellwing (Lair:6)
  6 polar bears (Lair:5)
  An ice devil (Lair:6)
  2 red devils (Lair:6)
  4 dream sheep (Lair:6)
  7 blink frogs
  2 bog bodies (Lair:2)
  6 hippogriffs
  26 yaks
  A basilisk (D:9)
  3 hogs (D:7)
  A human (D:7)
  A wyvern (Lair:6)
  A hungry ghost (D:7)
  Grum (D:9)
  3 nagas (Lair:4)
  5 hell hounds (Lair:6)
  Duvessa (D:7)
  20 water moccasins
  10 porcupines
  An orc warrior (D:9)
  8 ice beasts (Lair:6)
  A sky beast (D:9)
  A black bear (Lair:5)
  4 ogres
  3 phantoms
  A necrophage (D:6)
  7 wolves
  2 centaurs (D:9)
  11 crocodiles
  13 bullfrogs
  A wyvern zombie (D:6)
  Dowan (D:7)
  4 scorpions
  A wyvern skeleton (D:7)
  4 crimson imps
  A quasit (D:5)
  2 centaur zombies
  2 bullfrog skeletons
  4 orc priests
  4 hounds
  3 iguanas
  12 orc wizards
  4 worker ants
  A hound zombie (D:7)
  A hound skeleton (D:4)
  A howler monkey zombie (D:6)
  A worker ant zombie (D:5)
  9 adders
  2 oozes
  An adder zombie (D:5)
  3 adder skeletons
  4 worms
  3 dart slugs
  10 leopard geckos
  27 orcs
  3 ball pythons
  4 giant cockroaches
  4 goblins
  5 hobgoblins
  11 jackals
  7 kobolds
  2 quokkas (D:5)
  7 bats
  4 frilled lizards
  A hobgoblin zombie (D:5)
  2 kobold skeletons (D:5)
  3 kobold zombies (D:5)
  A leopard gecko skeleton (D:4)
  An orc skeleton (D:5)
  An orc zombie (D:5)
  4 rats
  A bush (Lair:5)
  A butterfly (D:7)
  2 fungi (D:9)
  A plant (Lair:5)
387 creatures vanquished.

Vanquished Creatures (collateral kills)
  A sixfirhy (Lair:6)
  An orange demon (Lair:6)
2 creatures vanquished.

Vanquished Creatures (others)
  A slave (D:4)
  A worm (D:4)
  A giant cockroach (D:4)
  A quokka (D:4)
  A ball python (D:4)
  6 fungi
  11 plants
22 creatures vanquished.

Grand Total: 411 creatures vanquished

Notes
Turn   | Place    | Note
-------+----------+-------------------------------------------
     0 | D:1      | K1ngMX the Minotaur Berserker began the quest for the Orb.
     0 | D:1      | Reached XP level 1. HP: 19/19 MP: 0/0
   474 | D:1      | Reached XP level 2. HP: 27/27 MP: 1/1
  1007 | D:2      | Found a faded altar of an unknown god.
  1069 | D:2      | Reached ** piety under Trog
  1099 | D:2      | Reached XP level 3. HP: 33/33 MP: 2/2
  1111 | D:2      | Found a shattered altar of Ashenzari.
  1264 | D:2      | Found a stormy altar of Qazlal.
  1587 | D:3      | Reached XP level 4. HP: 30/40 MP: 3/3
  1590 | D:3      | Reached skill level 5 in Axes
  1841 | D:3      | Found a snail-covered altar of Cheibriados.
  2049 | D:3      | Found a burning altar of Makhleb.
  2121 | D:3      | Found a shadowy altar of Dithmenos.
  2276 | D:3      | Reached XP level 5. HP: 45/47 MP: 4/4
  2563 | D:4      | Noticed a slave
  2563 | D:4      | Noticed a slave
  2563 | D:4      | Noticed a slave
  2563 | D:4      | Noticed a slave
  2564 | D:4      | Noticed Pikel
  2585 | D:4      | Killed Pikel
  2585 | D:4      | Reached skill level 5 in Fighting
  2585 | D:4      | Reached XP level 6. HP: 50/56 MP: 5/5
  2585 | D:4      | Reached XP level 7. HP: 55/61 MP: 6/6
  2839 | D:4      | Reached skill level 5 in Armour
  2965 | D:4      | Reached *** piety under Trog
  3000 | D:4      | Found an iron altar of Okawaru.
  3424 | D:5      | Entered Level 5 of the Dungeon
  3532 | D:5      | Found a glowing golden altar of the Shining One.
  3717 | D:5      | Reached skill level 5 in Dodging
  3761 | D:5      | Reached XP level 8. HP: 68/70 MP: 7/7
  3783 | D:5      | Found a blossoming altar of Fedhas.
  3830 | D:5      | Found a glowing silver altar of Zin.
  4362 | D:6      | Found Ello's General Store.
  4379 | D:6      | Found Xiduyrgh's Armour Boutique.
  4513 | D:6      | Reached **** piety under Trog
  4609 | D:6      | Found an ancient bone altar of Kikubaaqudgha.
  4770 | D:6      | Found a basalt altar of Yredelemnul.
  4818 | D:6      | Found a staircase to the Ecumenical Temple.
  5147 | D:6      | Found Cuesupap's Armour Shoppe.
  5156 | D:6      | Bought a +0 pair of gloves for 67 gold pieces
  5669 | D:7      | Reached XP level 9. HP: 79/79 MP: 8/8
  5943 | D:7      | Found a shimmering altar of Xom.
  5997 | D:7      | Noticed Dowan
  6008 | D:7      | Killed Dowan
  6008 | D:7      | Reached skill level 10 in Axes
  6089 | D:7      | Noticed Duvessa
  6099 | D:7      | Killed Duvessa
  6302 | D:7      | Reached ***** piety under Trog
  6816 | D:8      | Found a sacrificial altar of Ru.
  6874 | D:8      | Noticed an eight-headed hydra
  6879 | D:8      | Killed a four-headed hydra
  6879 | D:8      | Reached XP level 10. HP: 50/90 MP: 9/9
  7155 | D:8      | Received a gift from Trog
  7171 | D:8      | Found a runed door.
  7173 | D:8      | Noticed iamserjio's ghost (novice OpWn)
  7175 | D:8      | Identified the +9 spear "Loqe" {protect, rF+}
  8179 | D:9      | Noticed Joseph
  8192 | D:9      | Killed Joseph
  8278 | D:9      | Noticed Erica
  8299 | D:9      | Killed Erica
  8331 | D:9      | Received a gift from Trog
  8522 | D:9      | Found a staircase to the Lair.
  8633 | D:9      | Noticed Grum
  8646 | D:9      | Killed Grum
  8739 | D:9      | Found a bloodstained altar of Trog.
  9039 | D:9      | Found a deep blue altar of Sif Muna.
  9466 | Lair:1   | Entered Level 1 of the Lair of Beasts
  9479 | Lair:1   | Reached XP level 11. HP: 79/99 MP: 10/10
  9710 | D:9      | Reached skill level 10 in Fighting
 10669 | Lair:1   | Got a bloodstained morningstar
 10730 | Lair:1   | Reached skill level 1 in Shields
 11865 | Lair:2   | Found a staircase to the Swamp.
 11883 | Lair:2   | Reached skill level 5 in Shields
 12537 | Lair:2   | Reached XP level 12. HP: 110/110 MP: 11/11
 12645 | Lair:2   | Found the +8 whip "Snakebite" {curare, rPois}
 12792 | Lair:2   | Reached skill level 1 in Maces & Flails
 13528 | Lair:3   | Reached skill level 5 in Maces & Flails
 13829 | Lair:3   | Noticed a seven-headed hydra
 13863 | Lair:3   | Killed a seven-headed hydra
 14384 | Lair:4   | Received a gift from Trog
 14648 | Lair:4   | Found a staircase to the Snake Pit.
 14757 | Lair:4   | Noticed a seven-headed hydra
 14811 | Lair:4   | Killed a seven-headed hydra
 15521 | Lair:5   | Identified the Catalogue of the Volcanoes
 15677 | Lair:5   | Noticed a seven-headed hydra
 15692 | Lair:5   | Killed a seven-headed hydra
 15692 | Lair:5   | Reached skill level 10 in Maces & Flails
 15838 | Lair:5   | Reached XP level 13. HP: 101/122 MP: 12/12
 16800 | Lair:5   | Reached skill level 10 in Armour
 17056 | Lair:5   | Received a gift from Trog
 17415 | Lair:6   | Entered Level 6 of the Lair of Beasts
 17497 | Lair:6   | Noticed Snorg
 17506 | Lair:6   | Killed Snorg
 17825 | Lair:6   | Found a staircase to the Slime Pits.
 18035 | Lair:6   | Reached skill level 10 in Dodging
 18683 | Lair:6   | Found a burning altar of Makhleb.
 19468 | Lair:6   | Found a gateway to Hell.
 19567 | Lair:6   | Found the +8 frozen axe "Frostbite" {freezing cloud, *Noise
                  | +Fly rC+}
 19673 | Snake:1  | Entered Level 1 of the Snake Pit
 19692 | Snake:1  | Slain by a shock serpent

Vault maps used:
D:1:      psy_arrival_wood_between_worlds
D:2:      ashenzari_altar_1, nicolae_overflow_crystal_walls, first_ration,
          chequers_ecumenical_altar_simple_redux
D:3:      overflow_temple_1_default, cheibriados_altar_1, lemuel_crystal_altar
D:4:      kennysheep_okawaru_gauntlet, uniq_pikel
D:5:      zin_academy, fedhas_ov_isle_minmay, nicolae_tso_besieged_by_evil
D:6:      overflow_temple_1_default, marbit_many_paths,
          minmay_temple_entry_butterflies, serial_shops, shop, shop, shop
D:7:      xom_butterflies, grunt_livestock, uniq_duvessa
D:8:      hangedman_ru_absence, ebering_ghost_funeral_grove, minivault_5,
          minmay_misc_feat_tower, grunt_decor_arrowhead
D:9:      bloody_trog, minmay_lair_entry_grove, basic_altar, uniq_joseph,
          uniq_grum, uniq_erica
Lair:1:   statuecave_lemuel, minivault_23, infiniplex_staircase_pool
Lair:2:   minmay_guarded_unrand_snakebite, skrybe_swamp_entry_bodies
Lair:3:   serial_bayou_shore_a, grunt_megastairs_2, lemuel_fruit_fields,
          serial_bayou_shore_b
Lair:4:   guppyfry_snake_entry_island
Lair:5:   chequers_serial_rivers_room_b, beast_lair_carwin_10
Lair:6:   evil_forest, slime_dummy, portal_ice_cave_entry_ice_beasts, uniq_snorg
Snake:1:  evilmike_ambush

Skill      XL: |  1  2  3  4  5  6  7  8  9 10 11 12 13 |
---------------+----------------------------------------+-----
Axes           | 4 5 6 7 9 11 13 14 | 14.8
Fighting       | 4 5 6 7 8 9 11 13 14 | 14.5
Armour         | 3 4 5 6 8 9 11 | 11.5
Dodging        | 3 4 5 6 7 8 9 10 | 10.7
Shields        | 5 |  5.1
Maces & Flails | 10 11 | 11.2

Action                   |  1- 3 |  4- 6 |  7- 9 | 10-12 | 13-15 || total
-------------------------+-------+-------+-------+-------+-------++-------
Melee: Hand axe          |    86 |    60 |   331 |   442 |       ||   919
       Headbutt          |    16 |     8 |    60 |   168 |   118 ||   370
       Whip              |       |       |       |   229 |   374 ||   603
Throw: Tomahawk          |       |       |       |     2 |       ||     2
Invok: Berserk           |       |     1 |     6 |     8 |     3 ||    18
       Trog's Hand       |       |     1 |       |     2 |     2 ||     5
       Brothers in Arms  |       |       |       |       |     1 ||     1
Evoke: Wand              |       |       |     3 |       |       ||     3
  Use: Scroll            |       |       |     5 |    15 |     1 ||    21
       Potion            |       |       |       |     2 |     1 ||     3
 Stab: Paralysed         |       |       |     1 |       |       ||     1
  Eat: Chunk             |     2 |     3 |    19 |    39 |    15 ||    78
       Ration            |       |       |     2 |     3 |       ||     5
Armor: Animal skin       |     1 |       |       |       |       ||     1
       Scale mail        |    28 |     6 |       |       |       ||    34
       Plate armour      |       |    13 |   143 |   279 |   141 ||   576
Dodge: Dodged            |    48 |    22 |   116 |   242 |   125 ||   553
Block: Buckler           |       |       |       |    60 |    61 ||   121

Table legend:
 A = Non-vault XP
 B = Vault XP
 C = Vault XP percentage of total XP
 D = Non-vault monster count
 E = Vault monster count
 F = Vault count percentage of total count
                 A         B        C        D         E       F
            +---------+---------+-------+---------+---------+-------
      Total |   38300 |   24004 |  38.5 |     284 |     100 |  26.0
            +---------+---------+-------+---------+---------+-------
        D:1 |      20 |       0 |   0.0 |      11 |       0 |   0.0
        D:2 |      55 |       0 |   0.0 |      23 |       0 |   0.0
        D:3 |     180 |       0 |   0.0 |      20 |       0 |   0.0
        D:4 |     306 |     617 |  66.8 |      14 |       1 |   6.7
        D:5 |     420 |      56 |  11.8 |      27 |       9 |  25.0
        D:6 |     886 |       0 |   0.0 |      20 |       0 |   0.0
        D:7 |     840 |    1199 |  58.8 |      18 |       7 |  28.0
        D:8 |    1546 |    1316 |  46.0 |      23 |       8 |  25.8
        D:9 |    2981 |    2499 |  45.6 |      25 |      10 |  28.6
     Lair:1 |    3262 |       0 |   0.0 |      11 |       0 |   0.0
     Lair:2 |    4258 |    2506 |  37.0 |      19 |      16 |  45.7
     Lair:3 |    4891 |      85 |   1.7 |      15 |       1 |   6.2
     Lair:4 |    6091 |     959 |  13.6 |      18 |       4 |  18.2
     Lair:5 |    8338 |    3121 |  27.2 |      23 |       9 |  28.1
     Lair:6 |    4226 |   11646 |  73.4 |      17 |      35 |  67.3
            +---------+---------+-------+---------+---------+-------
